 Dungeon Crawl Stone Soup version 0.20.0-7-g3b7b877 (webtiles) character file.

568 IcySystem the Gusty (level 7, -2/36 HPs)
             Began as a Tengu Air Elementalist on May 29, 2017.
             Slain by Blork the orc
             ... wielding a +0 scimitar
              (5 damage)
             ... on level 3 of the Dungeon.
             The game lasted 00:21:08 (4837 turns).

IcySystem the Gusty (Tengu Air Elementalist)        Turns: 4837, Time: 00:21:08

Health: -2/36      AC:  4    Str:  9    XL:     7   Next: 33%
Magic:  21/21      EV: 12    Int: 17    God:
Gold:   248        SH:  0    Dex: 14    Spells: 1/12 levels left

rFire    . . .     SeeInvis .   n - +2 whip (elec)
rCold    . . .     Gourm    .   (no shield)
rNeg     . . .     Faith    +   y - +2 animal skin
rPois    .         Spirit   .   (helmet restricted)
rElec    .         Reflect  .   (no cloak)
rCorr    .         Harm     .   (no gloves)
MR       .....                  (boots unavailable)
Stlth    ++........             x - amulet of faith
Regen    0.2/turn               l - ring of magical power
MPRegen  0.2/turn               (no ring)

@: no status effects
A: beak, talons 3, able to fly 1
a: Fly


You were on level 3 of the Dungeon.
You were not hungry.

You visited 1 branch of the dungeon, and saw 4 of its levels.

You collected 248 gold pieces.

Inventory:

Hand Weapons
 n - a +2 whip of electrocution (weapon)
Missiles
 f - 8 javelins (quivered)
Armour
 y - a +2 animal skin (worn)
Jewellery
 l - a ring of magical power (left hand)
 x - an amulet of faith (around neck)
Wands
 r - a wand of scattershot (3/9)
 s - a wand of flame (48/48)
Scrolls
 a - a scroll of fear {unknown}
 j - 2 scrolls of remove curse
 k - 3 scrolls of amnesia
 m - a scroll of identify
 u - a scroll of recharging
Potions
 d - a potion of invisibility {unknown}
 i - a potion of ambrosia
 p - a potion of magic {unknown}
 q - a potion of curing {unknown}
 t - 3 potions of might
 v - a potion of heal wounds {unknown}
 w - a potion of flight {unknown}
Books
 b - a book of Air

   Spells                             Type                      Level
   a - Shock                          Conjuration/Air              1
   b - Swiftness                      Charms/Air                   2
   c - Static Discharge               Conjuration/Air              3
   d - Airstrike                      Air                          4
   e - Lightning Bolt                 Conjuration/Air              5
Comestibles
 c - 3 bread rations
 g - 5 royal jellies
 h - a meat ration
 o - a chunk of flesh


   Skills:
 - Level 2.1 Dodging
 - Level 2.0 Stealth
 + Level 3.2 Spellcasting
 + Level 6.9 Conjurations
 + Level 7.3 Air Magic


You had one spell level left.
You knew the following spells:

 Your Spells              Type           Power        Failure   Level  Hunger
a - Shock                 Conj/Air       ####         1%          1    None
b - Swiftness             Chrm/Air       ###.....     6%          2    ##.....
c - Lightning Bolt        Conj/Air       ####......   26%         5    ######.
d - Static Discharge      Conj/Air       ####....     2%          3    ###....


Dungeon Overview and Level Annotations

Branches:
Dungeon (4/15)
 Temple: D:4-7

Altars:
Fedhas

Annotations:
D:4 Blork the orc


Innate Abilities, Weirdness & Mutations

You have a beak for a mouth.
You have claws for feet.
You can fly.


Message History

You start to feel a little faster.
Something hits you. Something hits you.
You hear some strange, mumbled words.
A puff of flame appears from out of thin air!
The puff of flame hits you! Something hits you.
There is a stone staircase leading up, spattered with blood here.
You see here 3 stones.
You no longer feel sluggish.
Something hits you.
* * * LOW HITPOINT WARNING * * *
You climb upwards.
There is a stone staircase leading down here.
Something hits you.
* * * LOW HITPOINT WARNING * * *
Something hits you.
* * * LOW HITPOINT WARNING * * *
Something hits you.
You die...

#############
......[>....#
###########.############
....# #.....@......#
###.##################.#
#......# #.# #.####.#
#.# #.# #.######### #.#
#.# #.........# #.# #.#
#########.# #.# #.# #.#
#.# #.# #.# #.#


There were no monsters in sight!

Vanquished Creatures
  The ghost of Darkell the Chucker, an amateur OgHu of Dithmenos (D:3)
  A phantom (D:4)
  A centaur (D:4)
  An orc priest (D:3)
  An orc wizard (D:3)
  An iguana (D:4)
  2 worker ants (D:4)
  Robin (D:3)
  5 adders
  5 worms
  2 dart slugs
  3 leopard geckos
  An orc (D:3)
  3 ball pythons
  13 bats
  9 giant cockroaches
  20 goblins
  5 hobgoblins
  3 jackals (D:2)
  2 quokkas
  2 frilled lizards (D:1)
  9 kobolds
  15 rats
106 creatures vanquished.

Vanquished Creatures (others)
  2 fungi (D:2)
  3 plants (D:4)
5 creatures vanquished.

Grand Total: 111 creatures vanquished

Notes
Turn   | Place    | Note
-------+----------+-------------------------------------------
     0 | D:1      | IcySystem the Tengu Air Elementalist began the quest for the Orb.
     0 | D:1      | Reached XP level 1. HP: 10/10 MP: 4/4
   174 | D:1      | Reached XP level 2. HP: 7/15 MP: 0/6
  1006 | D:1      | Reached XP level 3. HP: 19/19 MP: 7/7
  1618 | D:2      | Reached XP level 4. HP: 24/24 MP: 9/9
  1870 | D:2      | Found a blossoming altar of Fedhas.
  2683 | D:3      | Reached skill level 5 in Air Magic
  2875 | D:3      | Gained mutation: You can fly. [Tengu growth]
  2875 | D:3      | Reached XP level 5. HP: 28/28 MP: 10/10
  2988 | D:3      | Noticed Darkell's ghost (amateur OgHu)
  3014 | D:3      | Killed Darkell's ghost
  3014 | D:3      | Reached skill level 5 in Conjurations
  3014 | D:3      | Reached skill level 6 in Air Magic
  3014 | D:3      | Reached XP level 6. HP: 25/32 MP: 10/11
  3534 | D:4      | Learned a level 2 spell: Swiftness
  3540 | D:4      | Learned a level 5 spell: Lightning Bolt
  3544 | D:4      | Learned a level 3 spell: Static Discharge
  3800 | D:4      | Found Wurie's Antique Armour Shoppe.
  3881 | D:4      | Noticed Robin
  3937 | D:3      | Killed Robin
  4250 | D:4      | Noticed a phantom
  4261 | D:4      | Killed a phantom
  4261 | D:4      | Reached XP level 7. HP: 28/36 MP: 9/12
  4334 | D:4      | Reached skill level 7 in Air Magic
  4798 | D:4      | Noticed Blork the orc
  4837 | D:3      | Slain by Blork the orc

Skill      XL: |  1  2  3  4  5  6  7 |
---------------+----------------------+-----
Conjurations   | 2 3 4 5 6 |  6.9
Spellcasting   | 3 |  3.2
Air Magic      | 5 6 7 |  7.3
Dodging        | |  2.1
Stealth        | |  2.0

Action                   |  1- 3 |  4- 6 |  7- 9 || total
-------------------------+-------+-------+-------++-------
Melee: Unarmed           |     6 |       |       ||     6
       Whip              |       |     1 |     2 ||     3
       Peck              |       |     1 |     1 ||     2
       Kick              |       |     1 |       ||     1
 Cast: Shock             |    79 |   161 |    23 ||   263
       Static Discharge  |       |     2 |       ||     2
       Swiftness         |       |       |     1 ||     1
  Use: Scroll            |       |    10 |       ||    10
  Eat: Chunk             |     3 |     8 |     2 ||    13
Armor: Robe              |     3 |    14 |       ||    17
       Animal skin       |       |     2 |     1 ||     3
Dodge: Dodged            |    13 |    24 |     3 ||    40
